 Dungeon Crawl Stone Soup version 0.31-a0-1002-g8e65716e6e (webtiles) character file.

Game seed: 5489310715603249966

1868 Dirtsage the Ruffian (level 9, 0/59 HPs)
             Began as an Octopode Shapeshifter on Nov 9, 2023.
             Slain by a +0 spectral quarterstaff (10 damage)
             ... created by Joseph
             ... on level 7 of the Dungeon.
             The game lasted 00:17:09 (5491 turns).

Dirtsage the Ruffian (Octopode Shapeshifter)        Turns: 5491, Time: 00:17:10

Health: 0/59       AC:  1    Str: 21    XL:     9   Next: 13%
Magic:  18/18      EV: 13    Int: 18    God:
Gold:   32         SH:  0    Dex: 14    Spells: 3/8 levels left

rFire   . .          .
                       - Unarmed
rCold   . . .        (no shield)
rNeg    . . .        (helmet currently unavailable)
rPois   .            (no amulet)
rElec   .            e - ring of magical power
rCorr   .            n - +4 ring of slaying
SInv    .            s - +6 ring of intelligence
Will    .....        u - +6 ring of strength
Stlth   ++           (no ring)
HPRegen 0.29/turn    (no ring)
MPRegen 0.16/turn    (no ring)
                     (no ring)

%: no passive effects
@: beast-form
A: beast (slay +3), almost no armour, amphibious, 8 rings, camouflage 1,
gelatinous body 1, (nimble swimmer 1), tentacles
a: Begin Untransformation


You were on level 7 of the Dungeon.
You were a hulking beast.
You visited 2 branches of the dungeon, and saw 8 of its levels.

You collected 218 gold pieces.
You spent 186 gold pieces at shops.

Inventory:

Missiles
 f - a throwing net
 E - 2 curare-tipped darts
Magical Staves
 r - a staff of earth
Jewellery
 e - a ring of magical power (left tentacle)
 m - a ring of ice
 n - a +4 ring of slaying (right tentacle)
 s - a +6 ring of intelligence (on tentacle)
 u - a +6 ring of strength (on tentacle)
Talismans
 b - a beast talisman
 c - a flux talisman
 C - a storm talisman
Wands
 F - a wand of charming (7)
Scrolls
 g - 2 scrolls of immolation
 j - a scroll of enchant armour
 k - a scroll of noise
 t - a scroll of teleportation
 w - a scroll of poison {unknown}
 x - a scroll of enchant weapon {unknown}
 y - a scroll of revelation {unknown}
 B - 2 scrolls of blinking
 G - a scroll of vulnerability {unknown}
 H - a scroll of brand weapon {unknown}
Potions
 a - 3 potions of lignification
 d - a potion of might
 h - a potion of brilliance {unknown}
 l - 3 potions of heal wounds
 o - 2 potions of mutation
 p - a potion of ambrosia
 q - 4 potions of curing
 v - 2 potions of attraction
 z - a potion of cancellation {unknown}
 A - a potion of enlightenment {unknown}
 D - a potion of invisibility


   Skills:
 + Level 4.6 Fighting
 - Level 2.0 Dodging
 * Level 7.2 Unarmed Combat
 + Level 3.4 Translocations
 + Level 3.2 Transmutations
 * Level 6.6 Shapeshifting


You had 3 spell levels left.
You knew the following spells:

 Your Spells              Type           Power      Damage    Failure   Level
a - Wereblood             Tmut           11%        N/A       9%          2
b - Gell's Gravitas       Tloc           12%        N/A       16%         3

Your spell library contained the following spells:

 Spells                   Type           Power      Damage    Failure   Level
 Apportation              Tloc           24%        N/A       5%          1
 Lesser Beckoning         Tloc           24%        N/A       9%          2
 Teleport Other           Tloc           12%        N/A       16%         3
 Kiss of Death            Conj/Necr      0%         2d5       22%         1
 Necrotise                Necr           0%         1d4       22%         1
 Summon Small Mammal      Summ           0%         N/A       22%         1
 Sublimation of Blood     Necr           0%         N/A       32%         2
 Confusing Touch          Hex            0%         N/A       54%         3
 Dispel Undead            Necr           0%         3d6       91%         4
 Dispersal                Tloc           6%         N/A       100%        6
 Summon Hydra             Summ           0%         N/A       100%        7


Dungeon Overview and Level Annotations

Branches:
Dungeon (7/15)             Temple (1/1) D:5

Altars:
Ashenzari
Cheibriados
Dithmenos
Fedhas
Gozag
Hepliaklqana
Kikubaaqudgha
Makhleb
Nemelex Xobeh
Qazlal
Uskayaw
Vehumet
Wu Jian
Xom
Yredelemnul
Zin

Shops:
D:6 *

Annotations:
D:6 1 runed translucent door, bmj180's ghost, novice HuCj
D:7 Joseph


Innate Abilities, Weirdness & Mutations

You are a hulking beast.
Your limbs bulge with bestial killing power. (Slay +3)
You cannot wear most types of armour.
You are amphibious.
You can wear up to eight rings at the same time.
Your skin changes colour to match your surroundings (Stealth+).
Your rubbery body absorbs attacks. (AC +1, EV +1)
((You are camouflaged when in or above water. (Stealth+)))
You have tentacles for arms and can constrict up to eight enemies at once.


Message History

Joseph says, "It's nothing personal, but I have to kill you."
The bullfrog closely misses you.
There is a stone staircase leading down here.
The bullfrog barely misses you. The bullfrog hits you!
You take 7 damage, and have 52/59 hp.
You batter the bullfrog!! You grab the bullfrog.
You tentacle-slap the bullfrog.
You kill the bullfrog!
You bludgeon the orc!
You kill the orc!
You barely miss the orc priest. You grab the orc priest.
You constrict the orc priest, but do no damage.
The orc priest looks satisfied for a moment.
You tentacle-slap the orc priest. You tentacle-slap the orc priest!
You squeeze the orc priest, but do no damage.
The orc priest is almost dead.
You constrict the orc priest.
You kill the orc priest!
Joseph looks very unfriendly.
You bludgeon the orc!
You kill the orc!
Joseph unwields a +0 spectral quarterstaff.
Joseph wields a +0 sling.
Joseph shoots a sling bullet.
The sling bullet hits you!
You take 7 damage, and have 46/59 hp.
Items here: ))) [.
Joseph unwields a +0 sling.
Joseph wields a +0 spectral quarterstaff.
Joseph hits you with a +0 spectral quarterstaff!!
The +0 spectral quarterstaff misses you.
A +0 spectral quarterstaff comes into view.
You take 20 damage, and have 26/59 hp.
MASSIVE DAMAGE!!
You bludgeon Joseph! You grab Joseph. You tentacle-slap Joseph.
You squeeze Joseph!
Joseph is moderately wounded.
You constrict Joseph. The +0 spectral quarterstaff hits you!
* * * LOW HITPOINT WARNING * * *
The +0 spectral quarterstaff hits you!
You die...

#.##.# ### #.##.#
..##.##.#
#.#.##.## ##
#......# oo
#.#.##.[# .#
#.##.##..# .#
##...###.###.#####
####..)h@.).....#
#.##(###.......
#<##.# ..##.##
#.##.# ..# #.##.#
..# #.##.# ..#
.....# ..# .....#
.[. ......


You could see Joseph and a +0 spectral quarterstaff.

Vanquished Creatures
  Jeremiah (D:6)
  Sigmund (D:6)
  An orc warrior (D:6)
  A black bear (D:5)
  An ogre (D:6)
  A phantom (D:4)
  Blork the orc (D:5)
  A bullfrog (D:7)
  3 wights (D:6)
  2 howler monkeys (D:4)
  A hound (D:5)
  3 jellies
  9 orc priests
  Ijyb (D:5)
  2 sleepcaps (D:6)
  3 orc wizards
  5 gnolls
  5 adders
  A white imp (D:5)
  A worm (D:3)
  2 dart slugs
  11 orcs
  7 ball pythons
  6 endoplasms
  3 giant cockroaches
  11 goblins
  5 hobgoblins
  8 jackals
  6 quokkas
  7 bats
  4 frilled lizards
  5 kobolds
  6 rats
125 creatures vanquished.

Notes
Turn   | Place    | Note
-------+----------+-------------------------------------------
     0 | D:1      | Dirtsage the Octopode Shapeshifter began the quest for the
                  | Orb.
     0 | D:1      | Reached XP level 1. HP: 13/13 MP: 1/1
   213 | D:1      | Reached XP level 2. HP: 18/18 MP: 2/2
   326 | D:1      | Reached XP level 3. HP: 23/23 MP: 3/3
  1167 | D:2      | Reached XP level 4. HP: 19/29 MP: 4/4
  1268 | D:2      | Identified the +6 mace "Logor" {freeze, rElec Int+2 Dex+2}
  1567 | D:3      | Reached skill level 4 in Unarmed Combat
  1765 | D:3      | Reached XP level 5. HP: 32/34 MP: 5/5
  2182 | D:3      | Found an ornate altar of the Wu Jian Council.
  2370 | D:4      | Found a broken altar of Ashenzari.
  2467 | D:4      | Noticed a phantom
  2476 | D:4      | Killed a phantom
  2477 | D:4      | Reached XP level 6. HP: 16/41 MP: 6/6
  2699 | D:4      | Reached skill level 5 in Unarmed Combat
  3069 | D:4      | Learned a level 2 spell: Wereblood
  3073 | D:4      | Learned a level 3 spell: Gell's Gravitas
  3149 | D:5      | Entered Level 5 of the Dungeon
  3205 | D:5      | Found a sparkling altar of Nemelex Xobeh.
  3332 | D:5      | Found a staircase to the Ecumenical Temple.
  3341 | Temple   | Entered the Ecumenical Temple
  3393 | D:5      | Noticed a black bear
  3432 | D:5      | Killed a black bear
  3433 | D:5      | Reached skill level 5 in Shapeshifting
  3433 | D:5      | Reached XP level 7. HP: 30/46 MP: 7/7
  3445 | D:5      | Reached skill level 1 in Translocations
  3638 | D:5      | Reached skill level 1 in Transmutations
  3769 | D:5      | Noticed Blork the orc
  3786 | D:5      | Killed Blork the orc
  4024 | D:5      | Noticed Ijyb
  4032 | D:5      | Killed Ijyb
  4088 | D:6      | Found Teoroel's General Store.
  4092 | D:6      | Bought a scroll of blinking for 90 gold pieces
  4092 | D:6      | Bought a potion of mutation for 96 gold pieces
  4142 | D:6      | Reached skill level 6 in Unarmed Combat
  4142 | D:6      | Reached XP level 8. HP: 52/52 MP: 8/8
  4672 | D:6      | Noticed bmj180's ghost (novice HuCj)
  4676 | D:6      | Found a runed translucent door.
  4897 | D:6      | Noticed Jeremiah
  4901 | D:6      | Killed Jeremiah
  4996 | D:6      | Noticed Sigmund
  5133 | D:6      | Killed Sigmund
  5134 | D:6      | Reached skill level 7 in Unarmed Combat
  5134 | D:6      | Reached XP level 9. HP: 54/59 MP: 9/9
  5477 | D:7      | Noticed Joseph
  5491 | D:7      | Slain by a +0 spectral quarterstaff

Illustrated notes

Levels and vault maps discovered:
D:1:      amcnicky_arrival_feature_with_door, layout_loops_ring
D:2:      layout_loops_ring
D:3:      layout_rooms, nzn_wu_jian_contemplation
D:4:      layout_basic, overflow_temple_1_default
D:5:      layout_gridville, nemelex_spade_bored_becter,
          minmay_temple_entry_slanted, minmay_misc_feat_four_crosses,
          uniq_blork_the_orc, uniq_ijyb
D:6:      layout_loops_ring, serial_shops, nicolae_stop_n_shop_2,
          hellmonk_ghost_happy_afterlife, serial_rivers,
          chequers_serial_rivers_micro_d, chequers_serial_rivers_micro_d,
          chequers_serial_rivers_small_3, chequers_serial_rivers_large_b,
          uniq_jeremiah, uniq_sigmund
D:7:      gammafunk_steamed_eel, layout_loops_ring, tso_oasis_becter,
          mainiacjoe_overflow_big_doors, kennysheep_mini, uniq_maggie,
          uniq_joseph
Temple:   oiseaux_autumnal_temple

Skill      XL: |  1  2  3  4  5  6  7  8 |
---------------+-------------------------+-----
Fighting       | 2 3 4 |  4.6
Unarmed Combat | 4 5 6 7 |  7.2
Shapeshifting  | 4 5 6 |  6.6
Translocations | 1 3 |  3.4
Transmutations | 1 3 |  3.2
Dodging        | |  2.0

Action                     |  1- 3 |  4- 6 |  7- 9 || total
---------------------------+-------+-------+-------++-------
  Melee: Unarmed           |    66 |    79 |    77 ||   222
         Constrict         |    19 |    26 |    29 ||    74
         Tentacles         |     8 |    17 |    21 ||    46
         Punch             |     1 |     3 |     7 ||    11
  Throw: Dart              |       |       |     3 ||     3
    Use: Scroll            |       |       |    11 ||    11
         Potion            |       |       |     1 ||     1
   Stab: Sleeping          |    11 |     5 |     4 ||    20
         Distracted        |       |     2 |       ||     2
 Armour: Skin              |    20 |    37 |    32 ||    89
  Dodge: Dodged            |    42 |    24 |    33 ||    99

Table legend: (Time is in decaauts)
 A = Elapsed time spent in this place.
 B = Non-inter-level travel time spent in this place.
 C = Inter-level travel time spent in this place.
 D = Time resting spent in this place.
 E = Time spent auto-exploring this place.
 F = Levels seen in this place.
 G = Mean time per level.
                   A        B        C        D        E       F      G
               +--------+--------+--------+--------+--------+-----+--------+
         Total |   5471 |   5220 |    251 |    548 |   3760 |   8 |  683.9 |
       Dungeon |   5469 |   5218 |    251 |    548 |   3760 |   7 |  781.3 |
        Temple |      1 |      1 |      0 |      0 |      0 |   1 |    1.0 |
               +--------+--------+--------+--------+--------+-----+--------+

Top non-repeatable levels by time:
     D:6: 1363 daAuts
     D:4: 901 daAuts
     D:5: 882 daAuts
     D:1: 802 daAuts
     D:2: 748 daAuts
     D:3: 738 daAuts
     D:7: 32 daAuts
  Temple: 1 daAuts
